 Dungeon Crawl Stone Soup version 0.22-a0-271-gc000056 (webtiles) character file.

1653 tidbits the Insei (level 9, -3/66 HPs)
             Began as a Gnoll Transmuter on Mar 12, 2018.
             Slain by a gnoll
             ... wielding a +0 spear
              (11 damage)
             ... on level 8 of the Dungeon.
             The game lasted 00:22:19 (1876 turns).

tidbits the Insei (Gnoll Transmuter)                Turns: 1876, Time: 00:22:20

Health: -3/66      AC:  4    Str: 13    XL:     9   Next: 0%
Magic:  10/18      EV: 25    Int: 24    God:
Gold:   188        SH:  0    Dex: 20    Spells: 14/20 levels left

rFire    . . .     SeeInvis .     - Unarmed
rCold    . . .     Gourm    .   (shield currently unavailable)
rNeg     . . .     Faith    .   (armour currently unavailable)
rPois    x         Spirit   .   (helmet currently unavailable)
rElec    .         Reflect  .   (cloak currently unavailable)
rCorr    .         Harm     .   (gloves currently unavailable)
MR       .....                  (boots currently unavailable)
Stlth    ++++......             (no amulet)
HPRegen  0.21/turn              k - ring of stealth
MPRegen  0.16/turn              h - +2 ring of protection

@: brilliant, spider-form
A: tiny, distributed training, strong nose
a: End Transformation


You were on level 8 of the Dungeon.
You were hungry.
You were a venomous arachnid creature.
You visited 1 branch of the dungeon, and saw 8 of its levels.

You collected 188 gold pieces.

Inventory:

Hand Weapons
 a - a +1 dagger of electrocution (melded)
   (You took it off an orc wizard on level 4 of the Dungeon)
 g - a +0 dagger
 p - a +1 dagger of venom
   (You took it off an orc wizard on level 6 of the Dungeon)
 s - a +0 whip
Missiles
 c - 9 stones (quivered)
 t - 46 arrows
 x - 4 tomahawks
Armour
 b - a +0 robe
 o - a +0 ring mail
 q - a +0 buckler
 B - a +2 robe of the Archmagi (melded)
   (You took it off an orc wizard on level 6 of the Dungeon)
Jewellery
 e - an uncursed ring of protection from fire
   (You found it on level 5 of the Dungeon)
 f - an uncursed ring of protection from fire
   (You found it on level 1 of the Dungeon)
 h - a +2 ring of protection (right front leg)
   (You found it on level 2 of the Dungeon)
 k - a ring of stealth (left front leg)
   (You found it on level 3 of the Dungeon)
 w - an uncursed ring of fire
   (You found it on level 7 of the Dungeon)
 I - an uncursed ring of see invisible
   (You found it on level 6 of the Dungeon)
Scrolls
 i - a scroll of blinking
 l - a scroll of immolation
 m - a scroll of fog
 r - 3 scrolls of remove curse
 u - a scroll of enchant armour {unknown}
 v - 2 scrolls of enchant weapon
Potions
 j - a potion of cancellation
 n - 2 potions of brilliance
Comestibles
 d - 5 rations


   Skills:
 + Level 4.5 Fighting
 + Level 3.7 Short Blades
 + Level 3.7 Long Blades
 + Level 3.7 Axes
 + Level 3.7 Maces & Flails
 + Level 3.7 Polearms
 + Level 3.7 Staves
 + Level 3.7 Slings
 + Level 3.7 Bows
 + Level 3.7 Crossbows
 + Level 3.7 Throwing
 + Level 3.7 Armour
 + Level 5.9 Dodging
 + Level 3.7 Stealth
 + Level 3.7 Shields
 + Level 7.6 Unarmed Combat
 + Level 6.3 Spellcasting
 + Level 3.0 Conjurations
 + Level 3.0 Hexes
 + Level 3.0 Charms
 + Level 3.0 Summonings
 + Level 3.0 Necromancy
 + Level 3.0 Translocations
 + Level 4.9 Transmutations
 + Level 3.0 Fire Magic
 + Level 3.0 Ice Magic
 + Level 3.0 Air Magic
 + Level 3.0 Earth Magic
 + Level 3.0 Poison Magic
 + Level 4.0 Invocations
 + Level 3.7 Evocations


You had 14 spell levels left.
You knew the following spells:

 Your Spells              Type           Power        Failure   Level  Hunger
e - Beastly Appendage     Tmut           #####.       1%          1    None
k - Sticks to Snakes      Tmut           #####...     1%          2    None
p - Spider Form           Tmut/Pois      #####.....   1%          3    None


Dungeon Overview and Level Annotations

Branches:
Dungeon (8/15)             Temple (0/1) D:7
   Lair: D:8-11

Altars:
Gozag
Nemelex Xobeh
Okawaru
Wu Jian


Innate Abilities, Weirdness & Mutations

Your experience applies equally to all skills.
((You have very sharp teeth.))
Your uncanny sense of smell can sniff out nearby items.


Message History

The wolf is heavily wounded.
Your adder barely misses the necrophage.
The wolf misses you. The necrophage hits your ball python.
Your ball python dies!
Your adder completely misses the necrophage.
You hit the wolf but do no damage.
The wolf looks as sick as possible!
The wolf is heavily wounded.
The wolf barely misses you.
Your adder bites the necrophage.
Your adder closely misses the necrophage.
The wolf completely misses you.
A centaur zombie comes into view.
You bite the necrophage!
You destroy the necrophage!
The wolf completely misses you.
A gnoll comes into view. It is wielding a spear.
You hit the wolf but do no damage.
The wolf looks as sick as possible!
The wolf is severely wounded.
The wolf closely misses you. The gnoll misses your adder.
The wolf completely misses you.
You hit the wolf.
You kill the wolf!
Your Conjurations skill increases to level 3!
Your Hexes skill increases to level 3!
Your Charms skill increases to level 3!
Your Summonings skill increases to level 3!
Your Necromancy skill increases to level 3!
Your Translocations skill increases to level 3!
Your Fire Magic skill increases to level 3!
Your Ice Magic skill increases to level 3!
Your Air Magic skill increases to level 3!
Your Earth Magic skill increases to level 3!
Your Poison Magic skill increases to level 3!
Your Invocations skill increases to level 4!
Your adder closely misses the gnoll.
The gnoll closely misses your adder. The hound barely misses you.
You closely miss the hound.
Your adder barely misses the gnoll.
The gnoll hits your adder but does no damage.
The hound misses you.
Your adder barely misses the gnoll.
You hit the hound.
The hound is lightly wounded.
The hound completely misses you. The gnoll hits your adder with a whip.
Your adder bites the gnoll.
You hit the hound.
The hound is poisoned.
The hound is moderately wounded.
The hound completely misses you. The gnoll hits your adder with a whip!
Your adder dies!
You barely miss the hound.
The hound is moderately wounded.
The hound closely misses you. The hound barely misses you.
Casting: Sticks to Snakes (safe; 1% risk of failure)
Confirm with . or Enter, or press ? or * to list all spells.
You create 2 snakes!
You now have 46 arrows.
The hound completely misses you.
A wight comes into view. It is wielding a dagger.
You bite the hound!
The hound looks as sick as possible!
The hound is almost dead.
You kill the hound!
You have reached level 9!
Your experience leads to an increase in your attributes!
Your base attributes are Str 13, Int 18, Dex 15.
Increase (S)trength, (I)ntelligence, or (D)exterity?
You feel clever.
Your adder closely misses the gnoll.
Your adder bites the gnoll.
The gnoll is poisoned.
Your adder poisons the gnoll!
The gnoll barely misses your adder.
Your adder barely misses the gnoll.
Unknown command.
You hit the centaur zombie but do no damage.
The centaur zombie hits you but does no damage.
Your adder bites the gnoll.
The gnoll hits your adder with a whip.
Your adder bites the gnoll.
The gnoll looks even sicker.
Your adder poisons the gnoll!
Your adder barely misses the gnoll.
Your adder closely misses the gnoll.
The centaur zombie hits you.
* * * LOW HITPOINT WARNING * * *
You bite the centaur zombie!
The centaur zombie is moderately damaged.
Your adder withers and dies!
The gnoll closely misses your adder.
Your adder bites the gnoll.
The gnoll hits your adder with a whip.
Your adder barely misses the gnoll.
The centaur zombie misses you.
You hit the centaur zombie.
The centaur zombie is moderately damaged.
The gnoll closely misses your adder.
Your adder bites the gnoll.
Your adder barely misses the gnoll.
The centaur zombie completely misses you.
The gnoll misses your adder.
You hit the centaur zombie but do no damage.
The centaur zombie is moderately damaged.
Your adder bites the gnoll.
The gnoll dies!
The centaur zombie hits you.
* * * LOW HITPOINT WARNING * * *
You hit the centaur zombie but do no damage.
The centaur zombie is moderately damaged.
Your adder bites the gnoll but does no damage.
The centaur zombie closely misses you. The gnoll closely misses you.
A gnoll comes into view. It is wielding a spear.
Casting: Sticks to Snakes (safe; 1% risk of failure)
Confirm with . or Enter, or press ? or * to list all spells.
You fail to create any snakes.
Your adder barely misses the gnoll.
The centaur zombie completely misses you.
The gnoll hits you from afar with a spear!
You die... ....... ....g ∆ ∆....z #.$.# #...# ∆ #...# #Sgz#

####S# ..#s#
#.####.#Z#
#.$....#Z#
.......h.#
#.##.#.#.....#
.h...##.(t#
#....### ##.
##.#. ....


You could see a hound, 2 wights, 2 gnolls, a worker ant zombie, a centaur zombie
and 2 friendly adders.

Vanquished Creatures
  Grum (D:8)
  A necrophage (D:8)
  3 centaurs
  An ogre (D:5)
  A wolf (D:8)
  A crocodile (D:8)
  2 bullfrogs
  A howler monkey (D:8)
  2 crimson imps
  4 hounds
  A bullfrog skeleton (D:6)
  An orc priest (D:6)
  7 orc wizards
  A gnoll shaman (D:5)
  Natasha (D:2)
  An iguana (D:3)
  A worker ant (D:5)
  A hound skeleton (D:4)
  A worker ant zombie (D:5)
  6 gnolls
  3 adders
  2 shadow imps
  An adder skeleton (D:5)
  A dart slug (D:3)
  15 orcs
  5 giant cockroaches
  A goblin (D:1)
  4 hobgoblins
  6 jackals
  2 quokkas
  2 ball pythons
  6 bats
  2 frilled lizards
  4 kobolds
  A quokka skeleton (D:4)
  4 rats
97 creatures vanquished.

Vanquished Creatures (collateral kills)
  A wolf (D:8)
  A hound (D:8)
  A bullfrog skeleton (D:4)
  2 gnolls
  An adder zombie (D:5)
  A leopard gecko (D:5)
  An orc (D:4)
  A jackal (D:5)
  A bat (D:2)
  A quokka skeleton (D:6)
11 creatures vanquished.

Grand Total: 108 creatures vanquished

Notes
Turn   | Place    | Note
-------+----------+-------------------------------------------
     0 | D:1      | tidbits the Gnoll Transmuter began the quest for the Orb.
     0 | D:1      | Reached XP level 1. HP: 17/17 MP: 6/6
    47 | D:1      | Reached XP level 2. HP: 12/23 MP: 5/7
    51 | D:1      | Learned a level 2 spell: Sticks to Snakes
   212 | D:2      | Reached skill level 5 in Spellcasting
   212 | D:2      | Reached XP level 3. HP: 25/28 MP: 6/9
   217 | D:2      | Learned a level 3 spell: Spider Form
   278 | D:2      | Noticed Natasha
   286 | D:2      | Killed Natasha
   286 | D:2      | Reached skill level 1 in Invocations
   287 | D:2      | Reached skill level 1 in Short Blades
   287 | D:2      | Reached skill level 1 in Long Blades
   287 | D:2      | Reached skill level 1 in Axes
   287 | D:2      | Reached skill level 1 in Maces & Flails
   287 | D:2      | Reached skill level 1 in Polearms
   287 | D:2      | Reached skill level 1 in Staves
   287 | D:2      | Reached skill level 1 in Slings
   287 | D:2      | Reached skill level 1 in Bows
   287 | D:2      | Reached skill level 1 in Crossbows
   287 | D:2      | Reached skill level 1 in Throwing
   287 | D:2      | Reached skill level 1 in Armour
   287 | D:2      | Reached skill level 1 in Stealth
   287 | D:2      | Reached skill level 1 in Shields
   287 | D:2      | Reached skill level 1 in Evocations
   287 | D:2      | Reached XP level 4. HP: 34/34 MP: 4/11
   447 | D:3      | Reached skill level 1 in Conjurations
   447 | D:3      | Reached skill level 1 in Hexes
   447 | D:3      | Reached skill level 1 in Charms
   447 | D:3      | Reached skill level 1 in Summonings
   447 | D:3      | Reached skill level 1 in Necromancy
   447 | D:3      | Reached skill level 1 in Translocations
   447 | D:3      | Reached skill level 1 in Fire Magic
   447 | D:3      | Reached skill level 1 in Ice Magic
   447 | D:3      | Reached skill level 1 in Air Magic
   447 | D:3      | Reached skill level 1 in Earth Magic
   447 | D:3      | Reached skill level 1 in Poison Magic
   518 | D:5      | Entered Level 5 of the Dungeon
   579 | D:4      | Reached XP level 5. HP: 40/40 MP: 6/12
   681 | D:4      | Found an opulent altar of Gozag.
   740 | D:5      | Noticed a centaur
   751 | D:5      | Killed a centaur
   751 | D:5      | Reached skill level 3 in Fighting
   751 | D:5      | Reached skill level 4 in Transmutations
   751 | D:5      | Reached skill level 2 in Invocations
   751 | D:5      | Reached XP level 6. HP: 47/47 MP: 6/13
   838 | D:5      | Reached skill level 2 in Short Blades
   838 | D:5      | Reached skill level 2 in Long Blades
   838 | D:5      | Reached skill level 2 in Axes
   838 | D:5      | Reached skill level 2 in Maces & Flails
   838 | D:5      | Reached skill level 2 in Polearms
   838 | D:5      | Reached skill level 2 in Staves
   838 | D:5      | Reached skill level 2 in Slings
   838 | D:5      | Reached skill level 2 in Bows
   838 | D:5      | Reached skill level 2 in Crossbows
   838 | D:5      | Reached skill level 2 in Throwing
   838 | D:5      | Reached skill level 2 in Armour
   838 | D:5      | Reached skill level 5 in Dodging
   838 | D:5      | Reached skill level 2 in Stealth
   838 | D:5      | Reached skill level 2 in Shields
   838 | D:5      | Reached skill level 2 in Evocations
   897 | D:5      | Reached XP level 7. HP: 35/52 MP: 6/15
   912 | D:5      | Reached skill level 7 in Unarmed Combat
   955 | D:5      | Reached skill level 2 in Conjurations
   955 | D:5      | Reached skill level 2 in Hexes
   955 | D:5      | Reached skill level 2 in Charms
   955 | D:5      | Reached skill level 2 in Summonings
   955 | D:5      | Reached skill level 2 in Necromancy
   955 | D:5      | Reached skill level 2 in Translocations
   955 | D:5      | Reached skill level 2 in Fire Magic
   955 | D:5      | Reached skill level 2 in Ice Magic
   955 | D:5      | Reached skill level 2 in Air Magic
   955 | D:5      | Reached skill level 2 in Earth Magic
   955 | D:5      | Reached skill level 2 in Poison Magic
  1363 | D:6      | Reached skill level 3 in Invocations
  1436 | D:6      | Reached XP level 8. HP: 39/60 MP: 12/16
  1455 | D:6      | Reached skill level 4 in Fighting
  1463 | D:6      | Reached skill level 3 in Short Blades
  1463 | D:6      | Reached skill level 3 in Long Blades
  1463 | D:6      | Reached skill level 3 in Axes
  1463 | D:6      | Reached skill level 3 in Maces & Flails
  1463 | D:6      | Reached skill level 3 in Polearms
  1463 | D:6      | Reached skill level 3 in Staves
  1463 | D:6      | Reached skill level 3 in Slings
  1463 | D:6      | Reached skill level 3 in Bows
  1463 | D:6      | Reached skill level 3 in Crossbows
  1463 | D:6      | Reached skill level 3 in Throwing
  1463 | D:6      | Reached skill level 3 in Armour
  1463 | D:6      | Reached skill level 3 in Stealth
  1463 | D:6      | Reached skill level 3 in Shields
  1463 | D:6      | Reached skill level 3 in Evocations
  1712 | D:6      | Found an ornate altar of the Wu Jian Council.
  1713 | D:6      | Found an iron altar of Okawaru.
  1714 | D:6      | Found a sparkling altar of Nemelex Xobeh.
  1720 | D:6      | HP: 2/60 [centaur/shortbow (10)]
  1765 | D:7      | Reached skill level 6 in Spellcasting
  1782 | D:7      | Found a staircase to the Ecumenical Temple.
  1829 | D:8      | Noticed Grum
  1853 | D:8      | Killed Grum
  1864 | D:8      | Reached skill level 3 in Conjurations
  1864 | D:8      | Reached skill level 3 in Hexes
  1864 | D:8      | Reached skill level 3 in Charms
  1864 | D:8      | Reached skill level 3 in Summonings
  1864 | D:8      | Reached skill level 3 in Necromancy
  1864 | D:8      | Reached skill level 3 in Translocations
  1864 | D:8      | Reached skill level 3 in Fire Magic
  1864 | D:8      | Reached skill level 3 in Ice Magic
  1864 | D:8      | Reached skill level 3 in Air Magic
  1864 | D:8      | Reached skill level 3 in Earth Magic
  1864 | D:8      | Reached skill level 3 in Poison Magic
  1864 | D:8      | Reached skill level 4 in Invocations
  1870 | D:8      | Reached XP level 9. HP: 12/66 MP: 11/18
  1876 | D:8      | Slain by a gnoll

Vault maps used:
D:1:      sevenhm_arrival_forest_fort_small_4
D:2:      overflow_temple_1_default, uniq_natasha
D:3:      st_stairs_3
D:4:      lemuel_castle_with_subvaults, lemuel_doored_altar,
          hangedman_abyss_or_decor_jellyfish_corner
D:5:      first_ration
D:6:      grunt_temple_overflow_open, nicolae_ossuary_entry_giza, uniq_grinder
D:7:      minmay_temple_entry_from_below_b
D:8:      minitemple, serial_shops, shop_fountains, grunt_livestock, uniq_erica,
          uniq_grum

Skill      XL: |  1  2  3  4  5  6  7  8 |
---------------+-------------------------+-----
Spellcasting   | 5 6 |  6.3
Invocations    | 1 2 3 4 |  4.0
Short Blades   | 1 2 3 |  3.7
Long Blades    | 1 2 3 |  3.7
Axes           | 1 2 3 |  3.7
Maces & Flails | 1 2 3 |  3.7
Polearms       | 1 2 3 |  3.7
Staves         | 1 2 3 |  3.7
Slings         | 1 2 3 |  3.7
Bows           | 1 2 3 |  3.7
Crossbows      | 1 2 3 |  3.7
Throwing       | 1 2 3 |  3.7
Armour         | 1 2 3 |  3.7
Stealth        | 1 2 3 |  3.7
Shields        | 1 2 3 |  3.7
Evocations     | 1 2 3 |  3.7
Conjurations   | 1 2 3 |  3.0
Hexes          | 1 2 3 |  3.0
Charms         | 1 2 3 |  3.0
Summonings     | 1 2 3 |  3.0
Necromancy     | 1 2 3 |  3.0
Translocations | 1 2 3 |  3.0
Fire Magic     | 1 2 3 |  3.0
Ice Magic      | 1 2 3 |  3.0
Air Magic      | 1 2 3 |  3.0
Earth Magic    | 1 2 3 |  3.0
Poison Magic   | 1 2 3 |  3.0
Fighting       | 3 4 |  4.5
Transmutations | 4 |  4.9
Dodging        | 5 |  5.9
Unarmed Combat | 7 |  7.6

Action                   |  1- 3 |  4- 6 |  7- 9 || total
-------------------------+-------+-------+-------++-------
Melee: Unarmed           |    51 |    68 |   147 ||   266
       Bite              |     2 |       |       ||     2
       Headbutt          |     5 |       |       ||     5
       Kick              |     3 |       |       ||     3
       Dagger            |       |       |     2 ||     2
 Cast: Beastly Appendage |     8 |     1 |       ||     9
       Sticks to Snakes  |     3 |     7 |    19 ||    29
       Spider Form       |     1 |    14 |    17 ||    32
  Use: Scroll            |       |     4 |     3 ||     7
       Potion            |       |       |     4 ||     4
 Stab: Sleeping          |     1 |     2 |     4 ||     7
  Eat: Chunk             |       |     1 |     4 ||     5
Armor: Robe              |     7 |     5 |     3 ||    15
       Skin              |     2 |     4 |     9 ||    15
Dodge: Dodged            |    34 |    63 |   135 ||   232

Table legend:
 A = Spawn XP
 B = Non-spawn XP
 C = Spawn XP percentage of total XP
 D = Spawn monster count
 E = Non-spawn monster count
 F = Spawn count percentage of total count
 G = Total turns spent on level
                    A         B        C        D         E        F      G
               +---------+---------+-------+---------+---------+-------+---------
         Total |       0 |    2362 |   0.0 |       0 |     108 |   0.0 |  1876
               +---------+---------+-------+---------+---------+-------+---------
           D:1 |       0 |      25 |   0.0 |       0 |      17 |   0.0 |   144
           D:2 |       0 |      60 |   0.0 |       0 |       6 |   0.0 |   183
           D:3 |       0 |      52 |   0.0 |       0 |       9 |   0.0 |   234
           D:4 |       0 |     194 |   0.0 |       0 |      14 |   0.0 |   296
           D:5 |       0 |     685 |   0.0 |       0 |      27 |   0.0 |   523
           D:6 |       0 |     495 |   0.0 |       0 |      22 |   0.0 |   345
           D:7 |       0 |     114 |   0.0 |       0 |       3 |   0.0 |   104
           D:8 |       0 |     737 |   0.0 |       0 |      10 |   0.0 |    47
               +---------+---------+-------+---------+---------+-------+---------

Table legend:
 A = Turns spent in this place as a percentage of turns spent in the entire game.
 B = Non-inter-level travel turns spent in this place as a percentage of non-inter-level travel turns spent in the entire game.
 C = Inter-level travel turns spent in this place as a percentage of turns spent in this place.
 D = Turns resting spent in this place as a percentage of non-inter-level travel turns spent in this place.
 E = Turns spent auto-exploring this place as a percentage of non-inter-level travel turns spent in this place.
 F = Non-inter-level travel turns spent in this place divided by the number of levels of this place that you've seen.
                   A       B       C       D       E      F
               +-------+-------+-------+-------+-------+----------------------
         Total | 100.0 | 100.0 |   1.9 |   0.0 |   0.0 | 230.0
       Dungeon | 100.0 | 100.0 |   1.9 |   0.0 |   0.0 | 230.0
               +-------+-------+-------+-------+-------+----------------------

Table legend:
 A = Kills in this place as a percentage of kills in entire the game.
 B = Kills by you in this place as a percentage of kills by you in the entire game.
 C = Kills by friends in this place as a percentage of kills by friends in the entire game.
 D = Other kills in this place as a percentage of other kills in the entire game.
 E = Experience gained in this place as a percentage of experience gained in the entire game.
 F = Experience gained in this place divided by the number of levels of this place that you have seen.
                   A       B       C       D       E      F
               +-------+-------+-------+-------+-------+----------------------
         Total | 100.0 | 100.0 | 100.0 |   N/A | 100.0 | 295.2
       Dungeon | 100.0 | 100.0 | 100.0 |   N/A | 100.0 | 295.2
               +-------+-------+-------+-------+-------+----------------------

Vault maps used:
D:1:      sevenhm_arrival_forest_fort_small_4
D:2:      overflow_temple_1_default, uniq_natasha
D:3:      st_stairs_3
D:4:      lemuel_castle_with_subvaults, lemuel_doored_altar,
          hangedman_abyss_or_decor_jellyfish_corner
D:5:      first_ration
D:6:      grunt_temple_overflow_open, nicolae_ossuary_entry_giza, uniq_grinder
D:7:      minmay_temple_entry_from_below_b
D:8:      minitemple, serial_shops, shop_fountains, grunt_livestock, uniq_erica,
          uniq_grum
